Map: Ley Lines

Players

Vaisravana - Winner!

  • Race: Zerg Zerg
  • Spawn Location: 1:00

A.I. 2 (Very Hard)

  • Race: Zerg Zerg
  • Spawn Location: 7:00

VOD

Have the link to the VOD?

Description

Time

  • Played on: May 5, 2025, 8:24 a.m.
  • Length: 7:43
Show
View Real Time Build Order
Export as new Build Order

Vaisravana Zerg - Winner!

Build Orders: Pool First 

Get SALT Encoding   

  12  0:17  Spawning Pool  
  11  0:22  Drone  
  11  0:26  Drone  
  13  0:31  Drone  
  14  0:40  Overlord  
  14  1:04  Zergling x4  
  14  1:05  Zergling x2  
  17  1:16  Zergling x2  
  17  1:18  Hatchery  
  17  1:27  Zergling x2  
  18  1:34  Queen  
  18  1:38  Drone  
  21  1:48  Overlord  
  21  2:04  Drone  
  22  2:12  Queen  
  22  2:14  Drone  
  25  2:26  Drone  
  26  2:31  Drone x2  
  26  2:33  Queen  
  30  2:43  Drone x4  
  34  2:50  Overlord  
  34  2:57  Overlord  
  35  2:58  Drone  
  35  3:05  Drone  
  36  3:09  Drone  
  37  3:15  Drone  
  38  3:23  Extractor  
  38  3:25  Extractor  
  38  3:26  Drone x4  
  38  3:27  Drone  
  41  3:33  Drone  
  43  3:34  Drone  
  43  3:40  Roach Warren  
  42  3:44  Evolution Chamber  
  41  3:57  Evolution Chamber  
  41  3:58  Evolution Chamber  
  41  4:00  Drone x8  
  48  4:05  Overlord  
  48  4:13  Overlord  
  48  4:15  Lair  
  48  4:16  Drone x2  
  50  4:19  Extractor  
  50  4:20  Drone  
  50  4:21  Drone  
  51  4:28  Drone  
  51  4:29  Zerg Missile Weapons Level 1  
  52  4:36  Drone x2  
  54  4:43  Roach x3  
  62  4:53  Roach x3  
  62  4:56  Roach  
  62  4:57  Overlord  
  68  5:00  Overlord  
  68  5:01  Overlord  
  68  5:18  Roach x4  
  68  5:20  Glial Reconstitution  
  76  5:23  Roach  
  78  5:36  Overlord, Hatchery  
  78  5:37  Roach  
  78  5:38  Roach x3  
  85  5:48  Roach  
  87  5:50  Roach  
  87  5:51  Roach  
  87  5:56  Roach x2  
  95  6:00  Roach x2  
  95  6:01  Overlord x2  
  99  6:10  Overlord  
  99  6:22  Roach x2  
  103  6:27  Roach x5  
  103  6:31  Roach x3  
  119  6:44  Overlord x2  
Show
View Real Time Build Order
Export as new Build Order

A.I. 2 (Very Hard) Zerg 

Build Orders: Pool First, Zergling Baneling 

Get SALT Encoding   

  12  0:00  Drone  
  13  0:12  Overlord  
  13  0:17  Drone  
  14  0:30  Drone  
  14  0:31  Drone  
  16  0:42  Spawning Pool  
  15  0:44  Drone  
  15  0:48  Drone  
  17  1:11  Drone, Hatchery  
  17  1:15  Drone  
  17  1:16  Extractor  
  17  1:18  Drone  
  18  1:28  Drone  
  19  1:38  Overlord  
  19  1:41  Queen  
  21  1:49  Zergling x2  
  22  2:00  Zergling x2  
  22  2:10  Zergling x2  
  23  2:18  Queen  
  25  2:30  Hatchery  
  25  2:32  Drone  
  25  2:36  Drone  
  26  2:43  Drone  
  27  2:48  Drone x2  
  29  3:01  Roach Warren  
  29  3:02  Drone  
  29  3:05  Drone  
  30  3:12  Overlord  
  30  3:30  Zergling x6  
  30  3:31  Zergling x2  
  30  3:32  Baneling Nest  
  33  3:38  Zergling x2  
  34  3:48  Zergling x2  
  34  3:50  Extractor  
  34  3:52  Drone  
  35  3:58  Overlord  
  35  4:03  Metabolic Boost  
  35  4:07  Zergling x2  
  36  4:10  Zergling x2  
  36  4:13  Zergling x2  
  36  4:15  Baneling  
  36  4:16  Baneling x4  
  38  4:17  Zergling x2, Baneling x2  
  38  4:18  Baneling  
  38  4:19  Zergling x2  
  38  4:23  Zergling x2  
  41  4:26  Zergling x2  
  42  4:35  Overlord  
  42  4:45  Lair  
  42  4:49  Roach  
  44  5:07  Roach  
  44  5:13  Roach  
  42  5:18  Roach  
  44  5:21  Drone  
  44  5:24  Drone  
  46  5:31  Overlord  
  46  5:34  Drone  
  47  5:38  Drone  
  48  5:45  Hydralisk Den  
  47  5:56  Ravager x2, Roach x3  
  55  6:02  Overlord  
  55  6:12  Hatchery  
  55  6:18  Hydralisk  
  54  6:24  Hydralisk  
  58  6:30  Hydralisk  
  60  6:36  Hydralisk  
  62  6:41  Roach  
  64  6:47  Overlord  
  64  6:52  Roach  
  65  6:58  Zergling x4  
  56  7:06  Roach  
  38  7:09  Roach  
  38  7:11  Roach  
  23  7:25  Drone x2  
Tags
 
Matchup
ZvZ
Race
Zerg
Spawn Locations
Cross Positions
Add a new tag
Caveats
  • Supply blocks, unpowered buildings, or Contaminate may cause inaccurate times.
  • Supply counts are checked every 10 seconds.